Map: Ulrena

Players

MorN - Winner!

  • Race: Terran Terran
  • League: Master

Corolla

  • Race: Protoss Protoss
  • League: Platinum

VOD

Have the link to the VOD?

Description

Time

  • Played on: Nov. 21, 2015, 10:11 p.m.
  • Length: 14:50
Show
View Real Time Build Order
Export as new Build Order

MorN Terran - Winner!

Build Orders: MMM Bio 

Get SALT Encoding   

  12  0:01  SCV  
  13  0:13  SCV  
  14  0:17  Supply Depot  
  14  0:25  SCV  
  15  0:39  SCV  
  15  0:41  Barracks  
  16  0:47  Refinery  
  16  0:51  SCV  
  17  1:03  SCV  
  18  1:15  SCV  
  19  1:28  Marine, Orbital Command  
  20  1:41  Command Center  
  20  1:52  Factory  
  20  2:04  Supply Depot, Marine  
  21  2:10  SCV  
  22  2:22  SCV  
  23  2:25  Marine  
  24  2:34  SCV  
  24  2:36  Factory Tech Lab, Barracks  
  25  2:43  Marine  
  26  2:49  SCV  
  27  2:53  Orbital Command  
  27  3:00  Cyclone  
  27  3:02  SCV  
  31  3:06  Marine  
  32  3:14  SCV  
  34  3:20  SCV  
  34  3:24  Marine  
  34  3:29  SCV  
  35  3:38  Stimpack  
  35  3:40  SCV, Refinery  
  36  3:42  SCV  
  37  3:49  Supply Depot  
  37  3:52  SCV  
  38  3:55  Command Center  
  38  3:56  Factory Reactor  
  38  3:57  Barracks  
  38  4:04  Marine x2  
  38  4:09  SCV  
  42  4:10  SCV  
  39  4:20  Engineering Bay  
  39  4:22  SCV  
  40  4:25  SCV, Marine x2  
  43  4:34  SCV  
  43  4:37  SCV  
  44  4:46  SCV  
  44  4:50  Missile Turret  
  40  4:54  SCV  
  40  4:58  SCV, Missile Turret  
  42  5:06  SCV  
  42  5:07  Starport  
  43  5:10  SCV, Barracks Tech Lab  
  43  5:11  Refinery  
  43  5:12  Factory Reactor  
  43  5:13  Terran Infantry Weapons Level 1  
  44  5:18  Supply Depot, SCV  
  45  5:22  SCV  
  46  5:30  SCV  
  46  5:32  Supply Depot  
  46  5:33  Orbital Command  
  46  5:34  SCV  
  48  5:39  Barracks  
  48  5:40  Barracks  
  48  5:42  Combat Shields, SCV  
  49  5:43  Marauder, Marine x2  
  49  5:44  Marauder  
  49  5:46  SCV  
  56  5:54  SCV  
  57  5:58  SCV  
  57  5:59  Medivac  
  57  6:00  SCV  
  61  6:06  SCV  
  61  6:08  Supply Depot, Refinery, Factory Reactor, Marine x2  
  61  6:09  Marauder x2  
  61  6:10  SCV  
  69  6:18  SCV x2  
  71  6:26  Marine x2  
  71  6:28  Barracks Reactor, Barracks Tech Lab  
  71  6:29  SCV  
  71  6:30  Supply Depot  
  74  6:33  Marauder  
  74  6:34  Medivac, Marauder  
  74  6:37  Orbital Command  
  74  6:39  Medivac  
  82  6:44  Marine  
  82  6:46  Supply Depot, Widow Mine x2  
  87  6:48  Marine  
  87  6:49  Marauder  
  90  6:55  Marauder  
  92  7:06  Marine x2  
  92  7:07  Marauder  
  93  7:10  Marauder  
  93  7:12  Marine  
  93  7:13  Marine  
  93  7:14  Starport, Medivac  
  93  7:15  Widow Mine  
  99  7:30  Liberator x2  
  90  7:40  Marine x2  
  84  7:45  Orbital Command  
  84  7:46  Marine x2  
  90  7:56  SCV x2  
  92  8:01  Marine x3  
  92  8:02  Marauder  
  92  8:03  Starport Reactor  
  97  8:08  Supply Depot  
  97  8:14  Liberator x2  
  97  8:16  Marine x3  
  102  8:20  Marauder  
  102  8:23  Marauder  
  102  8:26  Marine x2  
  106  8:32  Barracks  
  112  8:34  SCV x2, Barracks, Marine  
  112  8:35  Refinery, Barracks, Marauder  
  112  8:36  Refinery  
  117  8:41  Supply Depot  
  117  8:43  Supply Depot  
  117  8:44  Supply Depot  
  117  8:46  Liberator  
  117  9:02  Supply Depot  
  117  9:03  SCV, Marauder x2  
  117  9:04  SCV, Marine x2  
  117  9:05  Marauder  
  117  9:08  Marine x2  
  132  9:10  Terran Infantry Armor Level 1  
  132  9:14  Engineering Bay  
  132  9:16  Armory  
  132  9:18  Marine  
  132  9:21  SCV x3  
  132  9:22  Marine x2  
  132  9:23  Widow Mine x2  
  142  9:24  Marauder  
  142  9:25  Marauder  
  142  9:26  Marine x2  
  148  9:33  SCV  
  149  9:44  Marine  
  149  9:56  SCV, Marine  
  149  9:59  SCV x2, Marine x4  
  149  10:00  Marine  
  149  10:01  Marine, Marauder x2  
  149  10:02  Marauder  
  132  10:08  Liberator x2  
  132  10:11  SCV  
  129  10:14  Marine  
  129  10:17  Marine x3  
  129  10:18  Marine  
  131  10:22  Marauder  
  131  10:23  Marauder x2  
  138  10:32  Marine  
  138  10:35  Barracks Tech Lab, Marine x3  
  138  10:36  Barracks Reactor, Barracks Tech Lab  
  132  10:43  Liberator x2  
  132  10:44  Marauder x3  
  125  10:50  Marine  
  125  10:51  Liberator x2  
  125  10:52  Marine  
  125  10:53  Marine x2  
  125  10:56  Terran Infantry Weapons Level 2  
  129  10:57  Terran Vehicle Weapons Level 1  
  129  10:59  Marine x2  
  135  11:05  Command Center, Marauder x2, Marine  
  135  11:08  Marine  
  135  11:10  Marine  
  135  11:11  Marine  
  149  11:45  Marauder  
  149  11:46  Marine x5  
  149  11:48  Marine  
  149  12:00  Marine  
  148  12:01  Medivac  
  148  12:02  Marauder x2  
  148  12:03  Marauder  
  148  12:04  Marine x4  
  148  12:05  Marauder  
  148  12:06  Marine  
  149  12:08  Marauder  
  144  12:18  Marine  
  144  12:22  Marine x4  
  141  12:23  Marine x2, Marauder  
  141  12:24  Marine  
  141  12:26  Marauder  
  141  12:29  Marine  
  149  12:36  Marine  
  150  12:39  Marine x4  
  150  12:41  Marauder, Marine  
  150  12:42  Marauder  
  150  12:44  Marine  
  154  12:47  Marine x2  
  154  12:53  Planetary Fortress, Marine  
  154  12:57  Marine x4  
  159  12:59  Marine  
  159  13:02  Marauder  
  159  13:03  Marine, Marauder  
  163  13:05  Marauder x2  
  163  13:11  Marine  
  149  13:15  Marine x3  
  149  13:19  Medivac x2  
  145  13:21  Marauder  
  145  13:26  Marine x2  
  149  13:27  Marine x2  
  149  13:36  Marine x2  
  149  13:37  Marauder  
  149  13:38  Marauder, Marine  
  149  13:39  Marine  
  152  13:42  Marine  
  152  13:43  Marine  
  137  13:52  Marine x2  
  137  13:53  Marauder  
  134  13:55  Marine  
  134  13:58  Marauder  
  125  14:05  Marine x3  
  125  14:06  Marine, Marauder x2  
  125  14:09  Refinery  
  132  14:10  Refinery, Marauder  
  132  14:13  Marine x2  
Show
View Real Time Build Order
Export as new Build Order

Corolla Protoss 

Build Orders: Oracle Opening 

Get SALT Encoding   

  12  0:01  Probe (Chrono Boost)  
  13  0:12  Probe (Chrono Boost)  
  14  0:18  Pylon  
  14  0:22  Probe (Chrono Boost)  
  15  0:37  Probe (Chrono Boost), Gateway  
  16  0:46  Assimilator  
  16  0:47  Probe (Chrono Boost)  
  17  0:58  Probe (Chrono Boost)  
  17  1:01  Pylon  
  18  1:08  Probe (Chrono Boost)  
  19  1:19  Probe (Chrono Boost)  
  20  1:26  Cybernetics Core  
  20  1:29  Probe (Chrono Boost)  
  21  1:40  Probe (Chrono Boost)  
  22  1:50  Probe (Chrono Boost)  
  23  1:57  Nexus  
  24  2:01  Probe (Chrono Boost), Warp Gate (Chrono Boost)  
  24  2:07  Assimilator  
  23  2:12  Mothership Core (Chrono Boost)  
  25  2:23  Pylon  
  25  2:25  Adept (Chrono Boost)  
  27  2:30  Probe  
  28  2:43  Probe  
  29  2:52  Pylon  
  29  2:53  Stargate  
  29  2:56  Probe  
  30  3:08  Probe (Chrono Boost)  
  30  3:10  Probe (Chrono Boost)  
  32  3:19  Probe (Chrono Boost), Gateway  
  33  3:21  Gateway  
  33  3:23  Probe (Chrono Boost)  
  34  3:29  Probe (Chrono Boost)  
  34  3:33  Probe (Chrono Boost)  
  36  3:36  Oracle (Chrono Boost)  
  39  3:41  Probe  
  39  3:43  Probe  
  39  3:45  Assimilator  
  41  3:53  Robotics Facility  
  41  3:54  Probe  
  41  3:55  Probe  
  41  4:09  Probe  
  41  4:10  Probe  
  43  4:20  Probe, Phoenix (Chrono Boost)  
  43  4:23  Probe  
  47  4:24  Sentry, Zealot  
  47  4:25  Zealot  
  47  4:28  Assimilator  
  47  4:30  Probe  
  53  4:35  Probe, Pylon  
  55  4:41  Probe  
  56  4:53  Probe  
  56  4:54  Probe  
  56  4:56  Immortal (Chrono Boost)  
  62  5:00  Forge  
  62  5:04  Twilight Council, Pylon  
  62  5:09  Phoenix (Chrono Boost)  
  62  5:13  Pylon  
  64  5:21  Gateway x2  
  64  5:22  Sentry  
  64  5:27  Adept x2  
  70  5:29  Resonating Glaives  
  70  5:36  Pylon  
  70  5:38  Phoenix  
  70  5:39  Protoss Ground Weapons Level 1 (Chrono Boost)  
  72  5:51  Immortal  
  76  6:03  Phoenix  
  78  6:16  Pylon  
  78  6:17  Adept x2  
  82  6:18  Adept  
  84  6:30  Nexus  
  84  6:32  Pylon  
  84  6:34  Sentry, Adept  
  88  6:40  Adept  
  88  6:41  Adept x2  
  94  6:48  Probe  
  94  6:49  Probe  
  96  7:00  Probe  
  97  7:15  Probe x2  
  99  7:16  Immortal  
  99  7:22  Protoss Ground Weapons Level 2 (Chrono Boost)  
  99  7:36  Adept x4  
  99  7:37  Adept  
  95  7:52  Probe  
  95  7:53  Probe x2  
  95  7:55  Assimilator  
  95  7:56  Immortal (Chrono Boost), Assimilator  
  99  8:06  Forge  
  99  8:07  Pylon  
  99  8:11  Gateway x2  
  99  8:13  Mothership Core  
  99  8:16  Probe x2  
  99  8:19  Sentry x3  
  109  8:21  Zealot x2  
  113  8:28  Probe  
  113  8:29  Probe  
  115  8:36  Immortal (Chrono Boost)  
  119  8:46  Protoss Ground Armor Level 1 (Chrono Boost)  
  119  8:48  Probe  
  119  8:49  Probe  
  119  8:52  Pylon  
  119  8:54  Pylon  
  121  8:58  Charge  
  121  8:59  Pylon  
  121  9:02  Adept x5  
  131  9:11  Probe  
  131  9:12  Probe x2  
  131  9:14  Warp Prism  
  136  9:22  Pylon  
  132  9:24  Probe  
  132  9:25  Protoss Ground Weapons Level 3 (Chrono Boost)  
  132  9:28  Robotics Facility  
  132  9:51  Observer  
  133  9:53  Adept x6  
  109  10:01  Adept x5  
  73  10:22  Immortal  
  73  10:28  Adept  
  73  10:29  Adept x6  
  76  11:01  Immortal x2 (Chrono Boost)  
  82  11:11  Protoss Ground Armor Level 2  
  80  11:15  Sentry x2, Adept x2  
  80  11:16  Adept x3  
  94  11:25  Mothership Core  
  94  11:38  Stalker x2  
  94  11:39  Stalker x2  
  102  11:40  Stalker x3  
  102  11:42  Protoss Shields Level 1  
  106  11:52  Phoenix  
  108  11:54  Warp Prism (Chrono Boost)  
  108  11:55  Observer (Chrono Boost)  
  108  12:00  Blink  
  95  12:09  Adept x2  
  95  12:10  Adept x3  
  95  12:13  Adept x2  
  99  12:24  Phoenix  
  101  12:32  Stalker x3  
  101  12:33  Stalker x3  
  101  12:34  Stalker  
  101  13:00  Stalker x2  
  101  13:01  Stalker x2  
  88  13:22  Sentry x3  
  88  13:24  Adept x2  
  88  13:25  Adept x2  
  76  13:50  Adept x7  
  69  14:20  Sentry x3, Zealot x2  
  69  14:21  Zealot x2  
  55  14:42  Stalker x3  
Tags
 
Composition
MMM Bio
Matchup
PvT
Replay Pack
MorN pack 2
Add a new tag
Caveats
  • Supply blocks, unpowered buildings, or Contaminate may cause inaccurate times.
  • Supply counts are checked every 10 seconds.